 Dungeon Crawl Stone Soup version 0.28.0-45-g0d030f2227 (webtiles) character file.

Game seed: 1006636836571515259

19 MisterFreud the Covert (level 2, 0/29 HPs)
             Began as a Gnoll Delver on May 23, 2022.
             Slain by an elf zombie (5 damage)
             ... in an ossuary.
             The game lasted 00:01:06 (167 turns).

MisterFreud the Covert (Gnoll Delver)                Turns: 167, Time: 00:01:06

Health: 0/29       AC:  3    Str: 10 (11) XL:     2   Next: 75%
Magic:  2/2        EV: 12    Int:  7 (9)  God:
Gold:   0          SH:  0    Dex: 12 (13) Spells: 2/2 levels left

rFire   . . .      SeeInvis .   i - +3 dagger
rCold   . . .      Faith    .   (no shield)
rNeg    . . .      Spirit   .   b - +0 leather armour
rPois   .          Reflect  .   (no helmet)
rElec   .          Harm     .   (no cloak)
rCorr   .          Rampage  .   (no gloves)
Will    .....                   (no boots)
Stlth   ++++......              (no amulet)
HPRegen 0.09/turn               (no ring)
MPRegen 0.08/turn               (no ring)

@: no status effects
A: fangs 1, strong nose, distributed training
a: no special abilities


You were in an ossuary.
You visited 1 branch of the dungeon, and saw 4 of its levels.
You also visited: Ossuary.

Inventory:

Hand Weapons
 a - a +0 short sword
 i - a +3 dagger (weapon)
Armour
 b - a +0 leather armour (worn)
Wands
 g - a wand of digging (3)
Scrolls
 c - a scroll of fog
 d - a scroll of blinking {unknown}
 e - a scroll of fear
Potions
 f - a potion of haste
 h - a potion of degeneration


   Skills:
 + Level 6.5 Fighting
 + Level 4.5 Short Blades
 + Level 0.5 Long Blades
 + Level 0.5 Axes
 + Level 0.5 Maces & Flails
 + Level 0.5 Polearms
 + Level 0.5 Staves
 + Level 0.5 Slings
 + Level 0.5 Bows
 + Level 0.5 Crossbows
 + Level 0.5 Throwing
 + Level 0.5 Armour
 + Level 4.5 Dodging
 + Level 9.5 Stealth
 + Level 0.5 Shields
 + Level 0.5 Unarmed Combat
 + Level 0.5 Spellcasting
 + Level 0.3 Conjurations
 + Level 0.3 Hexes
 + Level 0.3 Summonings
 + Level 0.3 Necromancy
 + Level 0.3 Translocations
 + Level 0.3 Transmutations
 + Level 0.3 Fire Magic
 + Level 0.3 Ice Magic
 + Level 0.3 Air Magic
 + Level 0.3 Earth Magic
 + Level 0.3 Poison Magic
 + Level 0.6 Invocations
 + Level 0.5 Evocations


You had 2 spell levels left.
You didn't know any spells.
Your spell library was empty.

Dungeon Overview and Level Annotations

Branches:
Dungeon (6/15)            Ossuary (1/1)
 Temple: D:4-7

Altars:


Innate Abilities, Weirdness & Mutations

You have very sharp teeth.
Your uncanny sense of smell can sniff out nearby items.
Your experience applies equally to all skills.


Message History

You hit the kobold zombie.
You destroy the kobold zombie!
You hit the elf zombie. You bite the elf zombie.
The elf zombie is lightly damaged.
The elf zombie hits you.
You barely miss the elf zombie.
The elf zombie is lightly damaged.
The elf zombie closely misses you.
You closely miss the elf zombie.
You bite the elf zombie, but do no damage.
The elf zombie is lightly damaged.
You hit the elf zombie.
The elf zombie is lightly damaged.
The elf zombie hits you.
You hit the elf zombie.
The elf zombie is lightly damaged.
The elf zombie hits you.
* * * LOW HITPOINT WARNING * * *
You hit the elf zombie.
The elf zombie is moderately damaged.
Okay, then.
Unknown command.
It was a potion of degeneration.
There was something very wrong with that liquid.
You feel weakened.
You feel dopey.
You feel clumsy.
You hit the elf zombie.
The elf zombie is moderately damaged.
You barely miss the elf zombie.
The elf zombie is moderately damaged.
The elf zombie hits you but does no damage.
You hit the elf zombie.
The elf zombie is moderately damaged.
You barely miss the elf zombie.
The elf zombie is moderately damaged.
The elf zombie hits you.
* * * LOW HITPOINT WARNING * * *
A hobgoblin zombie comes into view. 2 jackal zombies, an adder zombie and a hobgoblin zombie come into view.
The elf zombie hits you.
You die...

#####################
#...@....∩..∩........
#..Z.................
#......########......
#.Z.#### ####...
#..## ##.. #..# +..
#..# ∆∆ ##.. #..Z ∆∆
####... #Z...
####......


You could see a jackal zombie and an elf zombie.

Vanquished Creatures
  An adder (D:4)
  An adder zombie (Ossuary)
  A goblin (D:4)
  3 goblin zombies (Ossuary)
  A jackal zombie (Ossuary)
  3 kobold zombies (Ossuary)
10 creatures vanquished.

Notes
Turn   | Place    | Note
-------+----------+-------------------------------------------
     0 | D:5      | Reached skill level 9 in Stealth
     0 | D:5      | MisterFreud the Gnoll Delver began the quest for the Orb.
     0 | D:5      | Reached XP level 1. HP: 23/23 MP: 1/1
    70 | D:4      | Reached XP level 2. HP: 24/29 MP: 2/2
    73 | D:4      | Found a sand-covered staircase.
    78 | Ossuary  | Entered an ossuary
   167 | Ossuary  | Slain by an elf zombie

Illustrated notes

Levels and vault maps discovered:
D:3:      layout_loops_corners
D:4:      layout_loops_ring, nicolae_ossuary_entry_false_entrances
D:5:      minmay_skewed_foursquare, layout_basic, makhleb_heckhound_becter,
          minmay_temple_entry_enclosed_plants, minmay_misc_feat_enclosed,
          uniq_edmund
D:6:      layout_cave_pools, serial_shops, nicolae_stop_n_shop_1
Ossuary:  minmay_ossuary_two_tombs

Skill      XL: | |
---------------+-+-----
Stealth        | |  9.5
Fighting       | |  6.5
Short Blades   | |  4.5
Long Blades    | |  0.5
Axes           | |  0.5
Maces & Flails | |  0.5
Polearms       | |  0.5
Staves         | |  0.5
Slings         | |  0.5
Bows           | |  0.5
Crossbows      | |  0.5
Throwing       | |  0.5
Armour         | |  0.5
Dodging        | |  4.5
Shields        | |  0.5
Unarmed Combat | |  0.5
Spellcasting   | |  0.5
Conjurations   | |  0.3
Hexes          | |  0.3
Summonings     | |  0.3
Necromancy     | |  0.3
Translocations | |  0.3
Transmutations | |  0.3
Fire Magic     | |  0.3
Ice Magic      | |  0.3
Air Magic      | |  0.3
Earth Magic    | |  0.3
Poison Magic   | |  0.3
Invocations    | |  0.6
Evocations     | |  0.5

Action                   || total
-------------------------++-------
Melee: Dagger            ||    43
       Bite              ||     6
  Use: Scroll            ||     1
       Potion            ||     1
 Stab: Sleeping          ||     2
Armor: Leather armour    ||    10
Dodge: Dodged            ||    24
